[Event "Titled Tuesday Blitz August 15 Early 2023"]
[White "Sadhwani, Raunak"]
[Black "Alex_Sahakyan2006"]
[WhiteFideId "35093487"]
[WhiteElo "2995"]
[BlackElo "2722"]
[Result "1-0"]
[Round "8"]
[TimeControl "180+1"]
[Date "2023.08.15"]
[WhiteClock "0:00:51"]
[BlackClock "0:00:08"]
[Board "23"]

1. e4 e5 2. Nf3 Nc6 3. Bc4 Nf6 4. d3 Bc5 5. Nc3 d6 6. Na4 Bb4+ 7. c3 Ba5 8. O-O h6 9. d4 Bg4 10. h3 Bh5 11. Qd3 O-O 12. Nh4 exd4 13. cxd4 d5 14. exd5 Nxd5 15. Qg3 Kh8 16. Nc5 Rb8 17. Be3 Nce7 18. Qe5 Nxe3 19. fxe3 Bg6 20. Qg3 Bb4 21. Nxg6+ Nxg6 22. Bxf7 Bxc5 23. Bxg6 Bd6 24. Qg4 Qe7 25. e4 c6 26. e5 Bc7 27. Be4 Bb6 28. Qg6 Bxd4+ 29. Kh1 Rxf1+ 30. Rxf1 1-0


[Site "https://www.chess.com"]

[Event "Titled Tuesday Blitz August 15 Early 2023"]
[White "Gubajdullin, Alexei"]
[Black "Drygalov, Sergey"]
[WhiteFideId "4141202"]
[BlackFideId "24171743"]
[WhiteElo "2710"]
[BlackElo "2988"]
[Result "0-1"]
[Round "8"]
[TimeControl "180+1"]
[Date "2023.08.15"]
[WhiteClock "0:00:00"]
[BlackClock "0:00:11"]
[Board "24"]

1. d4 Nf6 2. Nf3 d5 3. Bf4 c5 4. e3 Nc6 5. Nbd2 cxd4 6. exd4 Bg4 7. c3 e6 8. Qb3 Qc8 9. Bb5 Bxf3 10. Nxf3 Be7 11. Ne5 O-O 12. Bxc6 bxc6 13. Qa4 c5 14. Nc6 Qd7 15. Nxe7+ Qxe7 16. Qa3 Rfc8 17. O-O a5 18. Bg5 h6 19. Bxf6 Qxf6 20. dxc5 Qe7 21. Rfd1 Rxc5 22. Rd4 Qc7 23. Ra4 Rc4 24. g3 Rxa4 25. Qxa4 Rb8 26. Qa3 Qc4 27. Re1 a4 28. Re3 h5 29. h4 Rb7 30. Re5 Qg4 31. Kg2 f6 32. Re3 e5 33. b4 d4 34. cxd4 exd4 35. Re8+ Kf7 36. Qxa4 Rxb4 37. Qxb4 Kxe8 38. Qb8+ Kf7 39. Qb7+ Kg6 40. Qd5 Qd1 41. Qe4+ Kf7 42. Qd5+ Ke7 43. Qe4+ Kd6 44. Qf4+ Kc5 45. Qf5+ Kb4 46. Qd7 d3 47. Qxg7 Qe2 48. Qb7+ Kc3 49. Qc6+ Kd2 50. a4 Kd1 51. a5 d2 52. Qa4+ Ke1 53. Qb4 Qd3 54. a6 Qxa6 55. Qe4+ Qe2 56. Qb4 Qd3 57. Qa5 f5 58. Qb4 Qe4+ 59. Qxe4+ fxe4 60. Kh2 d1=Q 61. Kg2 Qf3+ 62. Kh2 Kxf2 0-1


[Site "https://www.chess.com"]

[Event "Titled Tuesday Blitz August 15 Early 2023"]
[White "Svane, Rasmus"]
[Black "Gorovets, Andrey"]
[WhiteFideId "4657101"]
[BlackFideId "13504037"]
[WhiteElo "2978"]
[BlackElo "2719"]
[Result "1-0"]
[Round "8"]
[TimeControl "180+1"]
[Date "2023.08.15"]
[WhiteClock "0:00:14"]
[BlackClock "0:00:00"]
[Board "25"]

1. Nf3 e6 2. g3 b5 3. Bg2 Bb7 4. O-O Nf6 5. d4 c5 6. Bg5 Na6 7. c3 Be7 8. a4 b4 9. cxb4 Nxb4 10. dxc5 Bxc5 11. Nbd2 d5 12. Nb3 Be7 13. Qd4 Nc2 14. Qd3 Nxa1 15. Rxa1 O-O 16. Nbd4 Ne4 17. Bf4 Rc8 18. h4 Qb6 19. Ng5 Ba6 20. Qd1 Nxg5 21. hxg5 Qxb2 22. Bh3 Rc4 23. e3 Qb6 24. a5 Qb7 25. Qh5 Qc8 26. Kh2 Rc1 27. Rxc1 Qxc1 28. Nxe6 Rc8 29. Bf5 g6 30. Qh6 fxe6 31. Bxe6+ 1-0


[Site "https://www.chess.com"]

[Event "Titled Tuesday Blitz August 15 Early 2023"]
[White "Kuznetsov, Felix"]
[Black "gmbenjaminbok"]
[WhiteFideId "34147990"]
[WhiteElo "2707"]
[BlackElo "2942"]
[Result "1-0"]
[Round "8"]
[TimeControl "180+1"]
[Date "2023.08.15"]
[WhiteClock "0:00:53"]
[BlackClock "0:00:14"]
[Board "26"]

1. e4 c5 2. Nf3 d6 3. d4 cxd4 4. Nxd4 Nf6 5. Nc3 a6 6. Be3 e5 7. Nb3 Be6 8. Qd2 Be7 9. O-O-O Nbd7 10. f4 b5 11. f5 Bc4 12. Kb1 Rc8 13. g4 b4 14. Bxc4 Rxc4 15. Nd5 Rxe4 16. Nxf6+ Nxf6 17. h3 Rc4 18. g5 Nd7 19. Qd5 Qc7 20. Na5 Rxc2 21. Rc1 Rxc1+ 22. Rxc1 Nc5 23. f6 gxf6 24. gxf6 Bxf6 25. Bxc5 dxc5 26. Rxc5 Qd7 27. Qf3 Ke7 28. Nc6+ Ke6 29. Qg4+ Kd6 30. Rd5+ Kxd5 31. Qxd7+ Ke4 32. Nxb4 Rg8 33. Qd3+ Kf4 34. Nd5+ Kg5 35. Qg3+ Kh6 36. Qxg8 Bg5 37. Qxf7 e4 38. Qf5 e3 39. Nxe3 Bxe3 40. Qe6+ Kh5 41. Qxe3 Kh4 42. Qa7 a5 43. Qxh7+ Kg3 44. Qa7 a4 45. Qxa4 Kh2 46. Qb3 Kg2 47. Qe3 Kh2 48. Qf3 Kg1 49. Qe2 Kh1 50. Kc2 Kg1 51. Kd3 Kh1 52. Ke3 Kg1 53. Kf3 Kh1 54. Kg3 Kg1 55. Qe1# 1-0


[Site "https://www.chess.com"]

[Event "Titled Tuesday Blitz August 15 Early 2023"]
[White "Papasimakopoulos, Alexandros"]
[Black "Demchenko, Anton"]
[WhiteFideId "4244125"]
[BlackFideId "4160258"]
[WhiteElo "2699"]
[BlackElo "2906"]
[Result "1/2-1/2"]
[Round "8"]
[TimeControl "180+1"]
[Date "2023.08.15"]
[WhiteClock "0:01:44"]
[BlackClock "0:00:05"]
[Board "27"]

1. d4 Nf6 2. c4 e6 3. Nc3 d5 4. cxd5 exd5 5. Bg5 c6 6. e3 h6 7. Bh4 Be7 8. Bd3 O-O 9. Qc2 Re8 10. Nf3 Ne4 11. Bxe7 Qxe7 12. Bxe4 dxe4 13. Nd2 Bf5 14. O-O Nd7 15. Nc4 Qg5 16. Ne2 Qf6 17. b4 Rad8 18. a4 a6 19. Rfc1 h5 20. b5 axb5 21. axb5 cxb5 22. Na5 h4 23. h3 Ra8 24. Nxb7 Rxa1 25. Rxa1 Qb6 26. Nc5 b4 27. Qc4 Rb8 28. Rb1 Qb5 29. Qxb5 Rxb5 30. Nc3 Rxc5 31. dxc5 bxc3 32. c6 Nb6 33. Kf1 Nc8 34. Rc1 Kf8 35. Rxc3 Ke7 36. Rc5 g6 37. Rd5 Ke6 38. Rd8 Ke7 39. c7 Bd7 40. Ke2 Nd6 41. Kd2 g5 42. Kc2 f5 43. Kb3 f4 44. exf4 gxf4 45. Kc2 f3 46. gxf3 exf3 47. Kd2 Bxh3 48. Ke3 Bg4 49. Rg8 Be6 50. Rh8 h3 51. Kxf3 Kd7 52. Kg3 Kxc7 53. Rxh3 Bxh3 54. Kxh3 Kd7 55. f4 Ke6 56. f5+ Kf6 57. Kg2 Nxf5 1/2-1/2


[Site "https://www.chess.com"]

[Event "Titled Tuesday Blitz August 15 Early 2023"]
[White "Grigorjev, Iljya"]
[Black "Matinian, Nikita"]
[WhiteFideId "24159565"]
[BlackFideId "24129100"]
[WhiteElo "2902"]
[BlackElo "2695"]
[Result "0-1"]
[Round "8"]
[TimeControl "180+1"]
[Date "2023.08.15"]
[WhiteClock "0:00:03"]
[BlackClock "0:00:07"]
[Board "28"]

1. d4 Nf6 2. c4 g6 3. Nc3 Bg7 4. e4 d6 5. h3 e5 6. d5 a5 7. Be3 Na6 8. Nf3 b6 9. Be2 Nc5 10. Nd2 h5 11. b3 h4 12. a3 Bh6 13. Bxh6 Rxh6 14. b4 Nb7 15. O-O Nh5 16. Bxh5 Rxh5 17. f4 exf4 18. Rxf4 Qg5 19. Qf3 axb4 20. Rxf7 Bf5 21. exf5 Kxf7 22. Rf1 gxf5 23. Nde4 Qg6 24. Nb5 Kg8 25. Nd2 bxa3 26. Nxc7 Rc8 27. Ne6 Rh7 28. Qxa3 Nc5 29. Nf4 Qf6 30. Nf3 Re8 31. Ne6 Nxe6 32. dxe6 Qxe6 33. Ng5 Qxc4 34. Nxh7 Qd4+ 35. Kh1 Kxh7 36. Qf3 Re5 37. Qh5+ Kg7 38. Qg5+ Kf7 39. Qh5+ Ke6 40. Qg6+ Kd5 41. Qf7+ Kc5 42. Rc1+ Kb4 43. Qa2 Re3 44. Rb1+ Kc5 45. Qc2+ Rc3 46. Qxf5+ d5 47. Qc8+ Kd6 48. Qf8+ Kc6 49. Qe8+ Kc7 50. Rf1 Kb7 51. Qd7+ Rc7 52. Qb5 Qc4 53. Qe8 Qxf1+ 54. Kh2 Qf4+ 55. Kg1 Rc1+ 0-1


[Site "https://www.chess.com"]

[Event "Titled Tuesday Blitz August 15 Early 2023"]
[White "Goltsev, Dmitry"]
[Black "Bacrot, Etienne"]
[WhiteFideId "24176710"]
[BlackFideId "605506"]
[WhiteElo "2658"]
[BlackElo "2872"]
[Result "0-1"]
[Round "8"]
[TimeControl "180+1"]
[Date "2023.08.15"]
[WhiteClock "0:00:07"]
[BlackClock "0:01:23"]
[Board "29"]

1. e4 c5 2. Nf3 d6 3. d4 cxd4 4. Nxd4 Nf6 5. Nc3 Nc6 6. Be2 g6 7. Be3 Bg7 8. O-O O-O 9. f4 Bd7 10. Bf3 Qa5 11. Nb3 Qc7 12. Qe2 Rfc8 13. Rad1 Be8 14. Nd5 Qd8 15. c3 Nd7 16. h4 e6 17. Nb4 Nxb4 18. cxb4 Qxh4 19. Rxd6 Ne5 20. fxe5 Bxe5 21. Rfd1 Qh2+ 22. Kf1 Bxd6 23. Bg1 Qe5 24. Nc5 Bxc5 25. bxc5 Rxc5 26. Bxc5 Qxc5 27. Qf2 Qxf2+ 28. Kxf2 Bc6 29. e5 Rc8 30. Kg3 Kg7 31. Bxc6 Rxc6 32. Rd7 Rb6 33. b3 Rb4 34. Kf3 h5 35. g3 g5 36. Rc7 Kg6 37. Rd7 a5 38. Rc7 a4 39. bxa4 Rxa4 40. Rxb7 Rxa2 41. Rb8 Ra3+ 42. Kf2 Kg7 43. Rb5 g4 44. Rc5 Rf3+ 45. Kg2 Rf5 46. Rb5 Kg6 47. Ra5 f6 48. Ra8 Rxe5 49. Rg8+ Kh7 50. Rf8 Kg7 51. Ra8 Rf5 52. Ra7+ Kg6 53. Re7 e5 54. Re8 Rf3 55. Re7 Ra3 56. Rb7 Ra2+ 57. Kg1 e4 58. Rb5 e3 59. Rb3 Ra1+ 60. Kg2 e2 0-1


[Site "https://www.chess.com"]

[Event "Titled Tuesday Blitz August 15 Early 2023"]
[White "Ozen, Deniz"]
[Black "Arias, Juan Cruz"]
[WhiteFideId "6349196"]
[BlackFideId "118540"]
[WhiteElo "2852"]
[BlackElo "2653"]
[Result "1-0"]
[Round "8"]
[TimeControl "180+1"]
[Date "2023.08.15"]
[WhiteClock "0:00:09"]
[BlackClock "0:00:23"]
[Board "30"]

1. e4 c6 2. Nc3 d5 3. Nf3 dxe4 4. Nxe4 Nf6 5. Qe2 Nxe4 6. Qxe4 Be6 7. Be2 Nd7 8. O-O g6 9. d4 Bf5 10. Qh4 Bxc2 11. d5 cxd5 12. Qd4 e5 13. Qxd5 Bg7 14. Bg5 f6 15. Rac1 Ba4 16. Be3 Bc6 17. Qb3 Qe7 18. Rfd1 Rc8 19. Bxa7 Qf7 20. Bc4 Qe7 21. Be3 f5 22. Ng5 f4 23. Bf7+ Kf8 24. Rxc6 bxc6 25. Be6 fxe3 26. Rxd7 e2 27. Qf3+ Qf6 28. Qxf6+ Bxf6 29. Rf7+ Ke8 30. Bd7+ Kd8 31. Ne6# 1-0


[Site "https://www.chess.com"]

[Event "Titled Tuesday Blitz August 15 Early 2023"]
[White "Kukhmazov, Arsen"]
[Black "Eynullayev, Atilla"]
[WhiteFideId "24108260"]
[BlackFideId "13413570"]
[WhiteElo "2849"]
[BlackElo "2649"]
[Result "1-0"]
[Round "8"]
[TimeControl "180+1"]
[Date "2023.08.15"]
[WhiteClock "0:00:35"]
[BlackClock "0:00:00"]
[Board "31"]

1. d4 Nf6 2. c4 e6 3. Nf3 d5 4. e3 c5 5. cxd5 exd5 6. Bb5+ Nc6 7. O-O cxd4 8. Nxd4 Bd7 9. b3 Bd6 10. Bb2 O-O 11. Be2 Re8 12. Nd2 Rc8 13. Rc1 Qb6 14. Nxc6 bxc6 15. Bxf6 gxf6 16. Bd3 Bf8 17. Qh5 h6 18. Nf3 Qb4 19. Nd4 Re5 20. Qf3 Rg5 21. h4 Re5 22. Rc2 Bg7 23. Rfc1 c5 24. Bf5 Bxf5 25. Nxf5 Bf8 26. Qh3 Rc7 27. Nd4 Kh8 28. Qf3 Bg7 29. Ne2 1-0


[Site "https://www.chess.com"]

[Event "Titled Tuesday Blitz August 15 Early 2023"]
[White "Nenezic, Marko"]
[Black "SmirnovAlexandrA"]
[WhiteFideId "912123"]
[WhiteElo "2838"]
[BlackElo "2641"]
[Result "0-1"]
[Round "8"]
[TimeControl "180+1"]
[Date "2023.08.15"]
[WhiteClock "0:00:06"]
[BlackClock "0:00:13"]
[Board "32"]

1. d4 c5 2. d5 d6 3. Nc3 g6 4. e4 Bg7 5. Bb5+ Nd7 6. a4 Nf6 7. a5 a6 8. Bd3 O-O 9. Nf3 e6 10. dxe6 fxe6 11. Bc4 Qe7 12. O-O Rb8 13. Re1 b5 14. axb6 Rxb6 15. Bg5 Rxb2 16. e5 Nxe5 17. Nxe5 dxe5 18. Rxe5 Rb6 19. Nd5 Qd6 20. Nxb6 Qxe5 21. Nxc8 Qxg5 22. Rxa6 Kh8 23. Nd6 Ng4 24. Ra8 Qf4 25. Rxf8+ Qxf8 26. Ne4 h5 27. Bxe6 Qf4 28. Bxg4 Qxe4 29. Be2 Bd4 30. Bd3 Qf4 31. Qe1 Kg7 32. g3 Qe5 33. Be4 c4 34. Kg2 c3 35. Qe2 Bb6 36. Qc4 Qc5 37. Qe2 Qe5 38. h3 Qd4 39. Bd3 Qd5+ 40. Kh2 Qc5 41. Kg2 Qd5+ 42. Be4 Qd4 43. g4 hxg4 44. hxg4 Qe5 45. Qd3 Qd4 46. Qf3 Qf6 47. Qg3 Qd4 48. Qf4 Qf6 49. Qg3 Qd4 50. Bd3 Qd5+ 51. f3 Qd4 52. Qe1 Qe3 53. Qxc3+ Kh6 54. Qh8+ Kg5 55. Qh1 Qf2+ 56. Kh3 Bc7 57. Qg2 Qh4# 0-1


[Site "https://www.chess.com"]

[Event "Titled Tuesday Blitz August 15 Early 2023"]
[White "Timofeev, Artyom"]
[Black "Pert, Richard G"]
[WhiteFideId "4140419"]
[BlackFideId "404748"]
[WhiteElo "2837"]
[BlackElo "2635"]
[Result "1/2-1/2"]
[Round "8"]
[TimeControl "180+1"]
[Date "2023.08.15"]
[WhiteClock "0:00:32"]
[BlackClock "0:00:17"]
[Board "33"]

1. c4 e6 2. Nf3 f5 3. d3 Nf6 4. Bg5 h6 5. Bxf6 Qxf6 6. Nc3 Bb4 7. Rc1 O-O 8. g3 b6 9. Bg2 Bb7 10. O-O a5 11. a3 Be7 12. Nd2 Bxg2 13. Kxg2 Nc6 14. e3 g5 15. d4 f4 16. Qg4 f3+ 17. Qxf3 Qg6 18. Qe4 Qg7 19. Nf3 Rf7 20. Ne5 Nxe5 21. dxe5 Raf8 22. f4 Kh8 23. Rcd1 Bc5 24. Nb5 d6 25. Nd4 Bxd4 26. Qxd4 dxe5 27. Qxe5 Qxe5 28. fxe5 Rxf1 29. Rxf1 Rxf1 30. Kxf1 c5 31. Ke2 Kg7 32. Kd3 Kf7 33. Ke4 Ke7 34. Kd3 Kd7 35. Kc3 Kc7 36. h3 Kd7 37. Kb3 Kc7 38. Ka4 Kc6 39. g4 Kc7 40. Kb5 Kb7 41. b4 axb4 42. axb4 cxb4 43. Kxb4 Kc6 44. e4 Kc7 45. Ka4 Kc6 46. Kb4 Kc7 47. c5 Kc6 48. cxb6 Kxb6 49. Kc4 Kc6 50. Kb4 Kb6 51. Kc4 Kc6 52. Kb4 Kb6 1/2-1/2


[Site "https://www.chess.com"]

[Event "Titled Tuesday Blitz August 15 Early 2023"]
[White "Klukin, Kirill"]
[Black "Vlassov, Nikolai"]
[WhiteFideId "24199273"]
[BlackFideId "4103360"]
[WhiteElo "2821"]
[BlackElo "2623"]
[Result "1-0"]
[Round "8"]
[TimeControl "180+1"]
[Date "2023.08.15"]
[WhiteClock "0:01:47"]
[BlackClock "0:01:59"]
[Board "34"]

1. d4 Nf6 2. Nf3 e6 3. e3 c5 4. Bd3 b6 5. O-O Bb7 6. c4 Be7 7. Nc3 cxd4 8. exd4 d5 9. cxd5 Nxd5 10. Ne5 O-O 11. Qh5 g6 12. Qh3 Nd7 13. Bh6 Re8 14. Bb5 N5f6 15. Rfe1 a6 16. Nxf7 Qb8 17. Bxd7 Nxd7 18. Qxe6 Nf8 19. Qb3 Qc7 20. Nd6+ Kh8 21. Qf7 1-0


[Site "https://www.chess.com"]

[Event "Titled Tuesday Blitz August 15 Early 2023"]
[White "Lana Rodriguez, David"]
[Black "Mekhitarian, Krikor Sevag"]
[WhiteFideId "2270803"]
[BlackFideId "2107660"]
[WhiteElo "2611"]
[BlackElo "2804"]
[Result "1-0"]
[Round "8"]
[TimeControl "180+1"]
[Date "2023.08.15"]
[WhiteClock "0:00:23"]
[BlackClock "0:00:01"]
[Board "35"]

1. e4 e6 2. d4 d5 3. exd5 exd5 4. Nf3 Nf6 5. Bd3 Bd6 6. Bg5 O-O 7. O-O h6 8. Bh4 Bg4 9. c3 Nbd7 10. Nbd2 c6 11. Qc2 Qc7 12. h3 Be6 13. Bf5 Rae8 14. Rae1 Bxf5 15. Qxf5 Ne4 16. Qh5 Re6 17. Nxe4 dxe4 18. Nd2 f5 19. Nc4 b5 20. Nxd6 Qxd6 21. Re2 Kh7 22. Re3 g6 23. Qd1 f4 24. Ree1 g5 25. Qc2 gxh4 26. Rxe4 Rxe4 27. Qxe4+ Qg6 28. Qe7+ Rf7 29. Qxh4 f3 30. g4 Nf6 31. Re1 Ne4 32. Re3 Ng5 33. Qg3 Qf6 34. Re5 Qf4 35. Kh2 Qxg3+ 36. Kxg3 Kg7 37. h4 Nh7 38. Re6 Nf6 39. Kxf3 Nd5+ 40. Kg3 Rf6 41. Re8 Nb6 42. Re7+ Rf7 43. Re6 Rc7 44. b3 Nd5 45. c4 bxc4 46. bxc4 Nb6 47. c5 Nd5 48. f4 Nb4 49. f5 Nxa2 50. g5 hxg5 51. hxg5 Nc3 52. Kf4 Nd5+ 53. Ke5 a5 54. Kd6 a4 55. Re8 Ra7 56. Kxc6 a3 57. f6+ Kf7 58. Re1 a2 59. Ra1 Nb4+ 60. Kb6 Ra3 61. c6 Nc2 62. c7 Rb3+ 63. Ka7 Rc3 64. Rxa2 Rxc7+ 65. Kb6 Rc3 66. d5 Nb4 67. Rd2 Rc8 68. d6 Ke6 69. d7 Rh8 70. d8=Q Rxd8 71. Rxd8 Kf7 72. Rd7+ Kf8 73. Kc5 Na6+ 1-0


[Site "https://www.chess.com"]

[Event "Titled Tuesday Blitz August 15 Early 2023"]
[White "Sreyas Payyappat"]
[Black "Yanchenko, Roman"]
[WhiteFideId "46674969"]
[BlackFideId "4137329"]
[WhiteElo "2579"]
[BlackElo "2788"]
[Result "0-1"]
[Round "8"]
[TimeControl "180+1"]
[Date "2023.08.15"]
[WhiteClock "0:00:14"]
[BlackClock "0:00:05"]
[Board "36"]

1. e4 e6 2. d4 d5 3. Nc3 Bb4 4. e5 Ne7 5. a3 Bxc3+ 6. bxc3 b6 7. Qg4 O-O 8. f4 Ba6 9. Nf3 c5 10. Bxa6 Nxa6 11. O-O Rc8 12. Nh4 cxd4 13. cxd4 f5 14. exf6 Rxf6 15. f5 exf5 16. Nxf5 Rxf5 17. Rxf5 Nxf5 18. Qxf5 Nc7 19. Bf4 Nb5 20. Be5 Rc6 21. Rf1 Qe8 22. Qf3 Nc3 23. Kh1 Ne4 24. h3 h5 25. Qf5 Qg6 26. Qf8+ Kh7 27. Rf7 Nf6 28. c3 h4 29. Rxa7 Rxc3 30. Ra8 Qb1+ 31. Kh2 Rc1 32. Qh8+ Kg6 33. Qxh4 Rh1+ 34. Kg3 Ne4+ 35. Kg4 Qd1+ 36. Kf4 Rf1+ 37. Ke3 Qd2# 0-1


[Site "https://www.chess.com"]

[Event "Titled Tuesday Blitz August 15 Early 2023"]
[White "Akhmetov, Ayan"]
[Black "Wagner, Dennis"]
[WhiteFideId "13703706"]
[BlackFideId "24650684"]
[WhiteElo "2570"]
[BlackElo "2776"]
[Result "0-1"]
[Round "8"]
[TimeControl "180+1"]
[Date "2023.08.15"]
[WhiteClock "0:00:00"]
[BlackClock "0:00:05"]
[Board "37"]

1. Nf3 d5 2. g3 g6 3. Bg2 Bg7 4. d4 Nf6 5. O-O O-O 6. c4 c6 7. Nc3 dxc4 8. e4 Bg4 9. h3 Bxf3 10. Bxf3 e5 11. dxe5 Nfd7 12. e6 fxe6 13. Be3 Ne5 14. Be2 Na6 15. f4 Nd3 16. e5 Nxb2 17. Qb1 Nd3 18. Qxb7 Nac5 19. Qxc6 Rc8 20. Qb5 g5 21. Qxc4 gxf4 22. gxf4 Qh4 23. Rf3 Ne1 24. Bxc5 Nxf3+ 25. Bxf3 Qxf4 26. Qxe6+ Kh8 27. Bxf8 Rxf8 28. Bd5 Bxe5 0-1


[Site "https://www.chess.com"]

[Event "Titled Tuesday Blitz August 15 Early 2023"]
[White "Mammadzada, Gunay"]
[Black "Rustemov, Alexander"]
[WhiteFideId "13403729"]
[BlackFideId "4119002"]
[WhiteElo "2553"]
[BlackElo "2772"]
[Result "0-1"]
[Round "8"]
[TimeControl "180+1"]
[Date "2023.08.15"]
[WhiteClock "0:00:00"]
[BlackClock "0:00:09"]
[Board "38"]

1. e4 e6 2. d4 d5 3. Nd2 dxe4 4. Nxe4 Bd7 5. Nf3 Bc6 6. Bd3 Nd7 7. O-O Ngf6 8. Ned2 Be7 9. Re1 O-O 10. Qe2 b6 11. c4 Bb7 12. b3 Re8 13. Bb2 c5 14. Rad1 Qc7 15. dxc5 bxc5 16. Ne4 Rad8 17. h3 h6 18. Nxf6+ Bxf6 19. Bxf6 Nxf6 20. Qe5 Qa5 21. Bb1 Bxf3 22. gxf3 Rd2 23. Rxd2 Qxd2 24. Qe3 Rd8 25. Kf1 a5 26. Qxc5 g5 27. Qe3 Qb4 28. h4 Qd2 29. hxg5 hxg5 30. Kg2 Qxe3 31. fxe3 Rd2+ 32. Kh3 Kf8 33. Rc1 Ke7 34. Rg1 Rb2 35. Be4 g4+ 36. Kh4 Rxa2 37. Bc6 Rb2 38. fxg4 Rxb3 39. Ra1 Kd6 40. Bg2 Rxe3 41. Rxa5 Nd7 42. Ra6+ Ke5 43. Ra7 Rd3 44. c5 Nxc5 45. Rxf7 Rd2 46. Bf3 Nd3 47. Kg3 Rb2 48. g5 Rb8 49. g6 Rg8 50. Bh5 Kd6 51. Kg4 Ne5+ 52. Kf4 Nxf7 53. gxf7 Rh8 54. Kg5 Ke7 55. Bg6 Rh1 56. Bh5 Rg1+ 57. Kh6 e5 58. Bg6 Kf8 59. Be4 Rg4 60. Bf5 Rg3 61. Bg6 Rg4 62. Bh5 Rf4 63. Kg5 Rf1 64. Bg6 Rg1+ 65. Kf6 Rxg6+ 66. Kxg6 e4 0-1


[Site "https://www.chess.com"]

[Event "Titled Tuesday Blitz August 15 Early 2023"]
[White "Kashefi, Amir Hosein"]
[Black "Srihari L R"]
[WhiteFideId "12557935"]
[BlackFideId "46617116"]
[WhiteElo "2537"]
[BlackElo "2766"]
[Result "0-1"]
[Round "8"]
[TimeControl "180+1"]
[Date "2023.08.15"]
[WhiteClock "0:00:02"]
[BlackClock "0:01:32"]
[Board "39"]

1. d4 d6 2. Nf3 g6 3. g3 Bg7 4. Bg2 Nf6 5. O-O O-O 6. b3 c5 7. Bb2 cxd4 8. Bxd4 Nc6 9. Bb2 Bd7 10. c4 Qc8 11. Nc3 Bh3 12. Qd2 Bxg2 13. Kxg2 Re8 14. Rac1 Qf5 15. h4 Rad8 16. Rfd1 h5 17. Qg5 Qxg5 18. Nxg5 Ng4 19. Rd2 Rc8 20. Rcd1 a6 21. a4 Na5 22. Nd5 Nxb3 23. Rd3 Nc5 24. Bxg7 Nxd3 25. exd3 Kxg7 26. Rb1 e6 27. Nf4 Re7 28. Rb6 Rc6 29. Rb2 Nf6 30. f3 e5 31. Ne2 d5 32. cxd5 Nxd5 33. g4 Ne3+ 34. Kg3 Rd7 35. gxh5 gxh5 36. Rb3 Rc2 37. Kf2 Nf5 38. Rc3 Rc7 39. Rxc7 Rxc7 40. Ne4 Rc2 41. Ke1 Nd4 42. N2g3 Kg6 43. Kd1 Rh2 44. Nd6 b5 45. axb5 axb5 46. Nge4 Rxh4 47. Nc3 b4 48. Nd5 b3 49. Nc4 Rh2 50. Kc1 f6 51. Ne7+ Kf7 52. Nd5 h4 53. f4 Ke6 54. Nc7+ Kf5 55. fxe5 fxe5 56. Nd5 h3 57. Nde3+ Ke6 58. Ng4 Rc2+ 59. Kb1 h2 60. Nxh2 Rxh2 61. Ne3 Nb5 62. Ka1 b2+ 63. Ka2 Nc3+ 64. Ka3 b1=Q 65. d4 Ra2# 0-1


[Site "https://www.chess.com"]

[Event "Titled Tuesday Blitz August 15 Early 2023"]
[White "Badmatsyrenov, Oleg"]
[Black "rionelG"]
[WhiteFideId "24115762"]
[WhiteElo "2751"]
[BlackElo "2359"]
[Result "1-0"]
[Round "8"]
[TimeControl "180+1"]
[Date "2023.08.15"]
[WhiteClock "0:00:07"]
[BlackClock "0:00:01"]
[Board "40"]

1. e4 c5 2. Nf3 d6 3. d4 cxd4 4. Nxd4 Nf6 5. Nc3 a6 6. f4 Nc6 7. Nxc6 bxc6 8. e5 Nd5 9. Nxd5 cxd5 10. Qxd5 Be6 11. Qc6+ Bd7 12. Qe4 dxe5 13. fxe5 Rc8 14. Bd2 Qb6 15. O-O-O e6 16. Be3 Qa5 17. Qb7 Qc7 18. Qxc7 Rxc7 19. Bxa6 Bc5 20. Bxc5 Rxc5 21. Rhe1 Ke7 22. Kb1 Ra8 23. Bb7 Ra7 24. Bf3 Raa5 25. b4 Rab5 26. a3 Rxe5 27. Rxe5 Rxe5 28. Kb2 f5 29. c4 g5 30. h3 h5 31. Bxh5 g4 32. Rd2 gxh3 33. gxh3 Re3 34. Rh2 Ba4 35. b5 Kd6 36. Be8 Kc5 37. h4 f4 38. h5 f3 39. Kc1 Rxa3 40. h6 f2 41. Rxf2 Rh3 42. b6 Kxb6 43. Bxa4 Rxh6 44. Kb2 Kc5 45. Bb5 e5 46. Kc2 Kb4 47. Kd3 Rh4 48. Ke3 Kc5 49. Rf6 Rg4 50. Rc6+ Kb4 51. Re6 e4 52. Rxe4 Rg3+ 53. Kd4 Rg1 54. Ke5 Rh1 55. Kd5 Rd1+ 56. Kc6 Rc1 57. c5+ Ka5 58. Ra4# 1-0


[Site "https://www.chess.com"]

[Event "Titled Tuesday Blitz August 15 Early 2023"]
[White "Colas, Joshua"]
[Black "Nakamura, Hikaru"]
[WhiteFideId "2044447"]
[BlackFideId "2016192"]
[WhiteElo "2622"]
[BlackElo "3232"]
[Result "0-1"]
[Round "8"]
[TimeControl "180+1"]
[Date "2023.08.15"]
[WhiteClock "0:00:00"]
[BlackClock "0:01:04"]
[Board "41"]

1. Nf3 g6 2. g3 Bg7 3. Bg2 d6 4. O-O Bd7 5. d4 Qc8 6. Re1 Bh3 7. e4 h5 8. Bxh3 Qxh3 9. Ng5 Qg4 10. h3 Qd7 11. h4 Nc6 12. d5 Ne5 13. Nc3 Nh6 14. Be3 c5 15. Qe2 a6 16. a4 Rb8 17. a5 O-O 18. Na4 Qb5 19. Qxb5 axb5 20. Nb6 Nc4 21. Nd7 Bxb2 22. Ra2 Bc3 23. Rb1 b4 24. Nxf8 Rxf8 25. a6 bxa6 26. Rxa6 Nxe3 27. fxe3 Ng4 28. Ra7 Bf6 29. Rb3 Rb8 30. e5 Nxe5 31. Ne4 Kg7 32. c3 bxc3 33. Rxc3 Nf3+ 34. Kf2 Bxc3 35. Nxc3 Ne5 36. Rxe7 Rb2+ 37. Kf1 Ng4 38. Ne2 Kf8 39. Re4 Nf6 0-1


[Site "https://www.chess.com"]

[Event "Titled Tuesday Blitz August 15 Early 2023"]
[White "Belov, Alexei"]
[Black "Moskalenko, Alexander"]
[WhiteFideId "4128206"]
[BlackFideId "4155351"]
[WhiteElo "2618"]
[BlackElo "2887"]
[Result "0-1"]
[Round "8"]
[TimeControl "180+1"]
[Date "2023.08.15"]
[WhiteClock "0:00:01"]
[BlackClock "0:00:58"]
[Board "42"]

1. e4 e5 2. Nf3 Nc6 3. Bb5 a6 4. Ba4 d6 5. c3 Bd7 6. d4 Nf6 7. O-O g6 8. Bg5 Bg7 9. d5 Ne7 10. Bxd7+ Qxd7 11. Nbd2 O-O 12. h3 c6 13. c4 b5 14. b3 c5 15. Qe2 h6 16. Be3 Nh5 17. a4 b4 18. g4 Nf6 19. Kh2 Nh7 20. Rg1 Kh8 21. Rg2 Ng8 22. Rag1 Bf6 23. g5 Bxg5 24. Nxg5 hxg5 25. Bxg5 Nxg5 26. Rxg5 Nf6 27. Nf3 Kg7 28. Nh4 Rh8 29. Nf5+ Kf8 30. Qf3 gxf5 31. Rxf5 Ne8 32. Rg3 Ng7 33. Rf6 Nh5 0-1


[Site "https://www.chess.com"]

[Event "Titled Tuesday Blitz August 15 Early 2023"]
[White "Pakleza, Zbigniew"]
[Black "Milosevic, Milos"]
[WhiteFideId "1119290"]
[BlackFideId "964875"]
[WhiteElo "2816"]
[BlackElo "2605"]
[Result "1-0"]
[Round "8"]
[TimeControl "180+1"]
[Date "2023.08.15"]
[WhiteClock "0:01:15"]
[BlackClock "0:00:32"]
[Board "43"]

1. d4 Nf6 2. Nf3 e6 3. Bf4 d5 4. e3 Bd6 5. Bg3 O-O 6. Nbd2 c5 7. c3 Nc6 8. Bd3 b6 9. Ne5 Qc7 10. f4 Ne8 11. O-O f5 12. Bh4 Nf6 13. Bxf6 gxf6 14. Nxc6 Qxc6 15. Kh1 a6 16. g4 fxg4 17. Qxg4+ Kh8 18. Rg1 Ra7 19. Qh4 e5 20. Rg3 e4 21. Be2 cxd4 22. exd4 Qc7 23. Rag1 Bxf4 24. Qxf6+ 1-0


[Site "https://www.chess.com"]

[Event "Titled Tuesday Blitz August 15 Early 2023"]
[White "Molina, Roberto Junio Brito"]
[Black "Zavgorodniy, Sergiy"]
[WhiteFideId "2109450"]
[BlackFideId "14110148"]
[WhiteElo "2803"]
[BlackElo "2592"]
[Result "1-0"]
[Round "8"]
[TimeControl "180+1"]
[Date "2023.08.15"]
[WhiteClock "0:02:26"]
[BlackClock "0:02:25"]
[Board "44"]

1. e4 c6 2. d4 d5 3. exd5 cxd5 4. Bd3 Nc6 5. c3 Nf6 6. Bf4 Bg4 7. Nf3 e6 8. Nbd2 Bd6 9. Bxd6 Qxd6 10. O-O O-O 11. Qe1 Bh5 12. Ne5 Bg6 13. Bxg6 hxg6 14. f4 Rab8 15. Rf3 Rfe8 16. Rh3 Nh5 17. g4 Nxf4 18. Rh8+ Kxh8 19. Nxf7+ Kg8 20. Nxd6 Red8 21. Qe3 g5 22. Nb5 a6 23. Na3 Re8 24. Nf3 b5 25. Nxg5 1-0


[Site "https://www.chess.com"]